 Dungeon Crawl Stone Soup version 0.20-a0-522-g0b37eee (webtiles) character file.

1387 Asddderdsw the Conjurer (level 8, -1/63 HPs)
             Began as a White Draconian Conjurer on Jan 25, 2017.
             Slain by a black bear (2 damage)
             ... in the Ecumenical Temple.
             The game lasted 00:48:25 (6239 turns).

Asddderdsw the Conjurer (White Draconian Conjurer)  Turns: 6239, Time: 00:48:27

Health: -1/63      AC:  6    Str: 10 (11) XL:     8   Next: 40%
Magic:  13/13      EV: 13    Int: 20      God:
Gold:   170        SH:  0    Dex:  9 (11) Spells: 2/16 levels left

rFire    . . .     SeeInvis +   E - +0 quarterstaff
rCold    + . .     Gourm    .   (armour unavailable)
rNeg     . . .     Faith    .   (shield currently unavailable)
rPois    .         Spirit   .   (helmet restricted)
rElec    .         Reflect  .   (no cloak)
rCorr    .         Harm     .   (no gloves)
MR       .....                  (no boots)
Stlth    +.........             (no amulet)
Regen    0.2/turn               C - ring of see invisible
                                g - +2 ring of intelligence

@: short of breath
A: breathe frost, unfitting armour, blurry vision 1, cold resistance 1, low mp
1, screaming 1, cold-blooded, AC +6
a: Breathe Frost


You were in the Ecumenical Temple.
You were very hungry.

You visited 2 branches of the dungeon, and saw 7 of its levels.

You collected 170 gold pieces.

Inventory:

Hand Weapons
 d - a +3 whip
 e - a +4 long sword
 p - a +1 short sword of draining
 s - a +0 mace
 t - a +0 trident
 w - a +0 flail
 y - a +0 antimagic halberd
 A - a +0 blowgun
 E - a +0 quarterstaff (weapon)
 L - a +0 shortbow
Missiles
 c - 117 arrows
 h - 109 stones (quivered)
 l - 4 poisoned tomahawks
 v - 38 poisoned needles
 x - 2 throwing nets
Armour
 r - a +2 large shield
Jewellery
 g - a +2 ring of intelligence (left hand)
 n - a cursed ring of teleportation {unknown}
 C - a ring of see invisible (right hand)
Scrolls
 f - a scroll of recharging {unknown}
 i - 4 scrolls of remove curse
 m - 4 scrolls of identify {unknown}
 o - 5 scrolls of teleportation {unknown}
 u - a scroll of magic mapping {unknown}
 B - 4 scrolls of fear {unknown}
 J - a scroll of enchant weapon {unknown}
 K - a scroll of blinking {unknown}
Potions
 I - a potion of resistance
Books
 a - a book of Conjurations

   Spells                             Type                      Level
   a - Magic Dart                     Conjuration                  1
   b - Searing Ray                    Conjuration                  2
   c - Dazzling Spray                 Conjuration/Hexes            3
   d - Fulminant Prism                Conjuration/Hexes            4
   e - Iskenderun's Mystic Blast      Conjuration                  4
   f - Iskenderun's Battlesphere      Conjuration/Charms           5
Comestibles
 b - 5 bread rations
 k - 6 fruits
 z - 2 meat rations
 H - a royal jelly


   Skills:
 + Level 3.2 Fighting
 + Level 1.2(2.7) Maces & Flails
 + Level 3.8(3.9) Staves
 + Level 4.1 Dodging
 + Level 3.1 Stealth
 + Level 1.1 Unarmed Combat
 + Level 4.6 Spellcasting
 + Level 6.4 Conjurations
 + Level 0.8 Hexes


You had 2 spell levels left.
You knew the following spells:

 Your Spells              Type           Power        Failure   Level  Hunger
a - Magic Dart            Conj           ####         1%          1    None
b - Searing Ray           Conj           ####..       1%          2    #......
c - Dazzling Spray        Conj/Hex       ###...       10%         3    ##.....
d - Iskenderun's Mystic   Conj           ####....     10%         4    ####...
e - Fulminant Prism       Conj/Hex       ###.......   30%         4    ####...


Dungeon Overview and Level Annotations

Branches:
Dungeon (6/15)             Temple (1/1) D:6

Altars:
Ashenzari
Dithmenos
Gozag
Hepliaklqana
Kikubaaqudgha
Okawaru
Sif Muna
Trog
Uskayaw
Vehumet
Xom
Yredelemnul
The Shining One

Annotations:
D:5 Grinder


Innate Abilities, Weirdness & Mutations

You can breathe waves of freezing cold.
You can buffet flying creatures when you breathe cold.
Your icy white scales are hard. (AC +6)
You cannot fit into any form of body armour.
Your flesh is cold resistant. (rC+)
You are cold-blooded and may be slowed by cold attacks.
Scrolls take you a little longer to read.
Your magical capacity is low. (-10% MP)
You occasionally shout uncontrollably at your foes.


Message History

* * * LOW HITPOINT WARNING * * *
The black bear claws you.
* * * LOW HITPOINT WARNING * * *
The black bear claws you.
* * * LOW HITPOINT WARNING * * *
Found a hazy altar of Hepliaklqana.
You enter the shallow water.
Moving in this stuff is going to be slow.
The black bear bites you.
* * * LOW HITPOINT WARNING * * *
The black bear claws you but does no damage. x2
Press: ? - help, Shift-Dir - straight line, f - black bear
Aim: a black bear You exhale a wave of freezing cold.
The freezing breath misses the black bear.
You are feeling very hungry.
The black bear bites you.
* * * LOW HITPOINT WARNING * * *
The black bear claws you.
You die...

##### #### ####≈≈≈###
###≈≈≈#### ###≈≈≈≈@≈≈≈##
#≈≈≈≈≈≈≈≈#
##......h....##≈≈........
#...._................<..
##............##..........
#............## #.........
#.........#### ####......
##.......### ###....
#.......## ##...
##.......# #...


You could see a black bear.

Vanquished Creatures
  Edmund (D:6)
  A water moccasin (D:5)
  2 centaurs (D:5)
  A water moccasin skeleton (D:5)
  A scorpion (D:4)
  3 wights
  The ghost of Asddderdsw the Conjurer, a weakling DrCj (D:3)
  A crimson imp (D:6)
  2 orc priests
  A centaur skeleton (D:4)
  4 orc wizards
  An iguana (D:5)
  Natasha (thrice) (D:3)
  6 worker ants
  A worker ant zombie (D:5)
  3 gnolls (D:2)
  9 adders
  2 oozes
  An adder skeleton (D:4)
  4 worms
  2 dart slugs
  2 leopard geckos
  20 orcs
  5 bats
  8 giant cockroaches
  7 hobgoblins
  13 jackals
  2 quokkas (D:2)
  4 frilled lizards
  A giant cockroach zombie (D:5)
  12 goblins
  10 kobolds
  8 rats
142 creatures vanquished.

Vanquished Creatures (others)
  2 fulminant prisms
2 creatures vanquished.

Grand Total: 144 creatures vanquished

Notes
Turn   | Place    | Note
-------+----------+-------------------------------------------
     0 | D:1      | Asddderdsw the Draconian Conjurer began the quest for the Orb.
     0 | D:1      | Reached XP level 1. HP: 14/14 MP: 3/3
   135 | D:1      | Reached XP level 2. HP: 14/20 MP: 1/5
   375 | D:1      | Learned a level 2 spell: Searing Ray
  1039 | D:2      | Reached XP level 3. HP: 22/26 MP: 3/6
  1199 | D:2      | Reached skill level 5 in Conjurations
  1257 | D:2      | Found a faded altar of an unknown god.
  1284 | D:2      | Reached skill level 1 in Unarmed Combat
  1309 | D:2      | Found a shattered altar of Ashenzari.
  1309 | D:2      | Found a bloodstained altar of Trog.
  1386 | D:2      | Found a hide-covered altar of Uskayaw.
  1387 | D:2      | Found an iron altar of Okawaru.
  1468 | D:2      | Reached XP level 4. HP: 33/33 MP: 3/7
  1478 | D:2      | Learned a level 3 spell: Dazzling Spray
  1662 | D:3      | Found a shadowy altar of Dithmenos.
  1781 | D:3      | Reached skill level 1 in Maces & Flails
  1843 | D:3      | Reached XP level 5. HP: 34/38 MP: 3/8
  1880 | D:3      | Noticed Asddderdsw's ghost (weakling DrCj)
  1892 | D:3      | Killed Asddderdsw's ghost
  2060 | D:3      | Found an opulent altar of Gozag.
  2071 | D:3      | Noticed Natasha
  2089 | D:3      | Killed Natasha
  2236 | D:3      | Noticed Natasha
  2599 | D:3      | Reached skill level 1 in Staves
  2616 | D:3      | Found a basalt altar of Yredelemnul.
  2989 | D:3      | Killed Natasha
  2989 | D:3      | Reached XP level 6. HP: 32/46 MP: 5/10
  2999 | D:3      | Learned a level 4 spell: Iskenderun's Mystic Blast
  3338 | D:3      | Noticed Natasha
  3351 | D:3      | Killed Natasha
  3351 | D:3      | Reached skill level 1 in Fighting
  3814 | D:4      | Found a radiant altar of Vehumet.
  3946 | D:5      | Entered Level 5 of the Dungeon
  3954 | D:5      | Your scales start taking on an icy white colour.
  3954 | D:5      | Reached XP level 7. HP: 19/53 MP: 9/12
  3954 | D:5      | Gained mutation: Your flesh is cold resistant. (rC+) [White Draconian growth]
  4980 | D:5      | Noticed Grinder
  5312 | D:5      | Reached skill level 6 in Conjurations
  5372 | D:5      | Gained mutation: Your magical capacity is low. (-10% MP) [potion of mutation]
  5372 | D:5      | Gained mutation: You occasionally shout uncontrollably at your foes. [potion of mutation]
  5372 | D:5      | Gained mutation: Scrolls take you a little longer to read. [potion of mutation]
  5389 | D:5      | Reached XP level 8. HP: 14/62 MP: 0/12
  5538 | D:5      | Found a glowing golden altar of the Shining One.
  5538 | D:5      | Found a deep blue altar of Sif Muna.
  5562 | D:5      | Learned a level 4 spell: Fulminant Prism
  6106 | D:6      | Noticed Edmund
  6147 | D:6      | Killed Edmund
  6154 | D:6      | Found a staircase to the Ecumenical Temple.
  6161 | Temple   | Entered the Ecumenical Temple
  6214 | Temple   | HP: 3/63 [black bear (1)]
  6214 | Temple   | HP: 1/63 [black bear (2)]
  6238 | Temple   | HP: 1/63 [black bear (5)]
  6239 | Temple   | Slain by a black bear

Vault maps used:
D:1:      dpeg_arrival_arbitrary_b
D:2:      nicolae_overflow_hidden_temple, chequers_ecumenical_altar_simple
D:3:      grunt_gozag_statues, yredelemnul_altar_generic,
          nicolae_dithmenos_shadow_blocks, first_bread, uniq_natasha
D:4:      nicolae_overflow_crystal_walls
D:5:      gammafunk_temple_overflow_wave, uniq_grinder
D:6:      temple_green, serial_shops, nicolae_shop_trees, uniq_pikel,
          uniq_menkaure, uniq_crazy_yiuf_cottage, uniq_edmund, uniq_sigmund
Temple:   minmay_temple_curvy_loop

Skill      XL: |  1  2  3  4  5  6  7  8 |
---------------+-------------------------+-----
Dodging        | 2 3 4 |  4.1
Conjurations   | 5 6 |  6.4
Unarmed Combat | 1 |  1.1
Stealth        | 2 3 |  3.1
Maces & Flails | 1 |  1.2
Staves         | 1 2 3 |  3.8
Spellcasting   | 3 4 |  4.6
Fighting       | 1 2 3 |  3.2
Hexes          | |  0.8

Action                   |  1- 3 |  4- 6 |  7- 9 || total
-------------------------+-------+-------+-------++-------
Melee: Unarmed           |    33 |       |       ||    33
       Club              |    29 |       |       ||    29
       Whip              |    29 |     6 |       ||    35
       Tailslap          |     7 |    10 |    12 ||    29
       Dagger            |     2 |       |       ||     2
       Mace              |       |    10 |       ||    10
       Quarterstaff      |       |   112 |   106 ||   218
Throw: Stone             |       |    10 |     1 ||    11
 Cast: Magic Dart        |    51 |   108 |    57 ||   216
       Searing Ray       |     4 |     4 |     7 ||    15
       Dazzling Spray    |       |     4 |    14 ||    18
       Iskenderun's Myst |       |       |     6 ||     6
       Fulminant Prism   |       |       |     2 ||     2
 Abil: Breathe Frost     |       |       |     3 ||     3
  Use: Potion            |       |     1 |     8 ||     9
       Scroll            |       |       |     1 ||     1
  Eat: Chunk             |     3 |     7 |     9 ||    19
       Fruit             |       |     2 |     1 ||     3
Armor: Skin              |    32 |    55 |    44 ||   131
Dodge: Dodged            |    70 |   150 |   120 ||   340
